 Dungeon Crawl Stone Soup version 0.31.0-32-g396128a36d (webtiles) character file.

Game seed: 9213708960546231509

303 James the Vexing (level 6, -8/32 HPs)
             Began as a Felid Enchanter on Apr 20, 2024.
             Was a Follower of Dithmenos.
             Mangled by an ogre
             ... wielding a +0 giant spiked club
              (14 damage)
             ... on level 5 of the Dungeon.
             The game lasted 00:15:21 (4615 turns).

James the Vexing (Felid Enchanter)                  Turns: 4615, Time: 00:15:21

Health: -8/32      AC:  2    Str:  6    XL:     6   Next: 15%
Magic:  1/10       EV: 18    Int: 19    God:    Dithmenos [*.....]
Gold:   110        SH:  0    Dex: 16    Spells: 4/9 levels left
                                        Lives:  0   Deaths: 2

rFire   . .          .
                       - Unarmed
rCold   . . .        (shield unavailable)
rNeg    . . .        (body armour unavailable)
rPois   .            (helmet unavailable)
rElec   .            (cloak unavailable)
rCorr   .            (gloves unavailable)
SInv    +            (boots unavailable)
Will    .....        (no amulet)
Stlth   +++          (no ring)
HPRegen 0.25/turn    (no ring)
MPRegen 0.12/turn

%: no passive effects
@: very slightly contaminated, wreathed by umbra
A: very small, claws 1, fangs 3, see invisible, shaggy fur 2, stealthy paws, no
weapons or thrown items, no armour, multi-lived
a: Renounce Religion


You were on level 5 of the Dungeon.
You worshipped Dithmenos.
Dithmenos was aware of your devotion.
You visited 2 branches of the dungeon, and saw 6 of its levels.

You collected 214 gold pieces.
You spent 104 gold pieces at shops.

Inventory:

Wands
 m - a wand of polymorph (8)
   (You found it on level 4 of the Dungeon)
 n - a wand of quicksilver (8)
   (You took it off Ijyb on level 4 of the Dungeon)
Scrolls
 c - a scroll of enchant armour
 d - 6 scrolls of teleportation {@r4}
 h - a scroll of identify {@r1}
 i - a scroll of poison {unknown}
 k - a scroll of revelation
 l - a scroll of silence
Potions
 a - a potion of invisibility
 b - a potion of brilliance
 e - a potion of degeneration {!q}
 f - 2 potions of curing {@q1}
 g - a potion of enlightenment
 j - a potion of heal wounds {@q2}
 o - a potion of haste {@q3}


   Skills:
 - Level 3.0 Fighting
 + Level 3.6 Dodging
 - Level 5.0 Stealth
 - Level 4.0 Unarmed Combat
 - Level 2.0 Spellcasting
 - Level 5.0 Hexes
 - Level 1.0 Ice Magic


You had 4 spell levels left.
You knew the following spells:

 Your Spells              Type           Power      Damage    Failure   Level
a - Confusing Touch       Hex            20%        N/A       6%          3
x - Ensorcelled Hibernat  Hex/Ice        26%        N/A       8%          2

Your spell library contained the following spells:

 Spells                   Type           Power      Damage    Failure   Level
 Tukima's Dance           Hex            20%        N/A       6%          3
 Dazzling Flash           Conj/Hex       22%        N/A       19%         3
 Inner Flame              Hex/Fire       11%        N/A       19%         3
 Irradiate                Conj/Alch      0%         3d11      99%         5
 Ignition                 Fire           0%         3d3       100%        8


Dungeon Overview and Level Annotations

Branches:
Dungeon (5/15)             Temple (1/1) D:4

Altars:
Ashenzari
Cheibriados
Dithmenos
Elyvilon
Gozag
Hepliaklqana
Makhleb
Nemelex Xobeh
Okawaru
Qazlal
Ru
Uskayaw
Vehumet
Wu Jian
Xom
Lugonu

Shops:
D:1 *[:(:   D:2 !

Annotations:
D:3 1 runed translucent door, Crazy Yiuf


Innate Abilities, Weirdness & Mutations

You have sharp claws.
You have razor-sharp teeth.
You have supernaturally acute eyesight. (SInv)
You are covered in thick fur. (AC +2)
Your paws help you pounce on unaware monsters.
You are incapable of wielding weapons or throwing items.
You cannot wear armour.
You gain extra lives every three experience levels.


Message History

You scratch the iguana. The iguana bites you!
* * * LOW HITPOINT WARNING * * *
Press: ? - help, Shift-Dir - straight line, f/p - iguana
Aim: an iguana (severely wounded, umbra, chance to affect: 55%)
The iguana resists with significant effort.
The iguana completely misses you.
Press: ? - help, Shift-Dir - straight line, f/p - iguana
Aim: an iguana (severely wounded, umbra, chance to affect: 55%)
The iguana looks drowsy...
You pounce on the unaware helpless iguana!
You claw the iguana!
You kill the iguana!
Dithmenos accepts your kill.
You start resting.
You start resting.
You climb downwards.
The ogre completely misses you.
There is a stone staircase leading up here.
Press: ? - help, Shift-Dir - straight line, f - ogre
Aim: an ogre, wielding a +0 giant spiked club (umbra, chance to affect: 47%)
The ogre resists with some effort.
The orc shouts!
The ogre closely misses you.
Press: ? - help, Shift-Dir - straight line, f/p - ogre
Aim: an ogre, wielding a +0 giant spiked club (umbra, chance to affect: 47%)
The ogre resists with some effort.
Press: ? - help, Shift-Dir - straight line, f/p - ogre
Aim: an ogre, wielding a +0 giant spiked club (umbra, chance to affect: 47%)
The ogre resists with some effort.
The ogre completely misses you.
Press: ? - help, Shift-Dir - straight line, f/p - ogre
Aim: an ogre, wielding a +0 giant spiked club (umbra, chance to affect: 47%)
The ogre resists with some effort.
The ogre closely misses you.
Press: ? - help, Shift-Dir - straight line, f/p - ogre
Aim: an ogre, wielding a +0 giant spiked club (umbra, chance to affect: 47%)
You miscast Ensorcelled Hibernation.
You are very lightly contaminated with residual magic.
Nothing appears to happen.
The orc hits you with a +0 club.
You don't have enough magic to cast this spell.
You barely miss the ogre. The orc hits you with a +0 club.
The ogre completely misses you.
You barely miss the ogre. Your bite misses the ogre.
The orc completely misses you. The ogre completely misses you.
You scratch the ogre. The orc misses you.
You completely miss the ogre. The orc misses you.
The ogre hits you with a +0 giant spiked club!!
Ouch! That really hurt!
* * * LOW HITPOINT WARNING * * *
You scratch the ogre but do no damage. The orc closely misses you.
You scratch the ogre. Your bite misses the ogre.
The ogre hits you with a +0 giant spiked club!
You die...

......#†....g.....
....o.oo.#####.#..
......##....##.#.#
...### ####......#
.. ###.##.. #.##..
### #....< ##.#
#..... #.@# #..#..
##oO# #.###. #...#
....... #.....##
#....... #.#.#.#
#..~~~~. .. .....
#. ...P. #.
..##... ~~~~P #
(.. ..##. ...PP
.... ..# .. .s...


You could see an ogre and an orc.

Vanquished Creatures
  A hound (D:5)
  An iguana (D:4)
  Ijyb (D:4)
  2 orc wizards
  4 adders
  2 gnolls
  2 ribbon worms
  4 dart slugs
  10 orcs
  7 ball pythons
  5 endoplasms
  4 giant cockroaches
  8 goblins
  14 hobgoblins
  3 jackals (D:1)
  A quokka (D:3)
  6 bats
  5 frilled lizards
  9 kobolds
  3 rats (D:2)
92 creatures vanquished.

Notes
Turn   | Place    | Note
-------+----------+-------------------------------------------
     0 | D:1      | James the Felid Enchanter began the quest for the Orb.
     0 | D:1      | Reached XP level 1. HP: 9/9 MP: 4/4
    20 | D:1      | Found Emoon's Antique Weapon Emporium.
   241 | D:1      | Found Jalittarirch's Book Shop.
   322 | D:1      | Found Siuskyir's Book Shop.
   445 | D:1      | Found Vephoun's Antique Armour Boutique.
   614 | D:1      | Reached XP level 2. HP: 13/13 MP: 6/6
   619 | D:1      | Learned a level 2 spell: Ensorcelled Hibernation
   667 | D:1      | Found Qilojaew's General Store.
  1184 | D:2      | Found Qat Goagacwo's Distillery.
  1388 | D:2      | Slain by a ribbon worm
  1388 | D:2      | Lost a life (0 lives remaining)
  1427 | D:2      | Reached XP level 3. HP: 2/16 MP: 7/7
  1827 | D:2      | You fall into a shaft and drop 1 floor!
  1839 | D:3      | Found an opulent altar of Gozag.
  2082 | D:3      | Found a radiant altar of Vehumet.
  2163 | D:2      | Bought a potion of curing for 39 gold pieces
  2163 | D:2      | Bought a potion of heal wounds for 65 gold pieces
  2271 | D:3      | Reached XP level 4. HP: 20/21 MP: 8/8
  2271 | D:3      | Gained a life (1 life remaining)
  2402 | D:3      | Found a hazy altar of Hepliaklqana.
  2407 | D:3      | Found a shadowy altar of Dithmenos.
  2407 | D:3      | Noticed a shadow
  2412 | D:3      | Reached skill level 1 in Fighting
  2448 | D:3      | Became a worshipper of Dithmenos the Shadowed
  2526 | D:3      | Learned a level 3 spell: Confusing Touch
  2658 | D:3      | Found a runed translucent door.
  2659 | D:3      | Noticed Crazy Yiuf
  2884 | D:4      | Reached XP level 5. HP: 26/26 MP: 9/9
  2894 | D:4      | Reached skill level 1 in Ice Magic
  2895 | D:4      | Found a staircase to the Ecumenical Temple.
  2902 | Temple   | Entered the Ecumenical Temple
  3451 | D:4      | Noticed Ijyb
  3477 | D:4      | Killed Ijyb
  3478 | D:4      | Reached skill level 5 in Hexes
  3632 | D:4      | Reached * piety under Dithmenos
  4025 | D:5      | Entered Level 5 of the Dungeon
  4146 | D:5      | Killed from afar by an orc wizard
  4146 | D:5      | Lost a life (0 lives remaining)
  4147 | D:5      | Found a burning altar of Makhleb.
  4188 | D:5      | Gained mutation: You are covered in thick fur. (AC +2)
                  | [Felid growth]
  4188 | D:5      | Reached XP level 6. HP: 8/32 MP: 10/10
  4329 | D:5      | Found a snail-covered altar of Cheibriados.
  4381 | D:4      | Reached skill level 5 in Stealth
  4615 | D:5      | Mangled by an ogre

Illustrated notes

Levels and vault maps discovered:
D:1:      heliophobic_arrival_ceremonial_halls, layout_basic, serial_shops,
          shop, shop, shop, shop, nicolae_shop_tiny_glass, grunt_decor_cap,
          amcnicky_mini_rare_corridor_liquid
D:2:      layout_rooms, serial_shops, shop
D:3:      layout_loops_cross, riverfiend_overflow_shadow_ancestor,
          grunt_gozag_statues, amcnicky_altar_gilded, uniq_crazy_yiuf_cottage
D:4:      layout_basic, minmay_temple_entry_arrows, minmay_goblin_outpost,
          uniq_ijyb
D:5:      layout_rooms, nicolae_yredelemnul_corpse_copse, pf_just_have_faith,
          mainiacjoe_overflow_catwalk, hellmonk_overflow_destroyed_library,
          dreamdust_gnoll_farm
Temple:   corrupted_temple

Skill      XL: |  1  2  3  4  5  6 |
---------------+-------------------+-----
Unarmed Combat | 2 3 4 |  4.0
Dodging        | 3 |  3.6
Fighting       | 2 3 |  3.0
Ice Magic      | 1 |  1.0
Hexes          | 5 |  5.0
Stealth        | 5 |  5.0
Spellcasting   | |  2.0

Action                     |  1- 3 |  4- 6 || total
---------------------------+-------+-------++-------
  Melee: Unarmed           |   162 |   172 ||   334
         Bite              |    13 |    12 ||    25
         Punch             |     1 |     3 ||     4
   Cast: Ensorcelled Hiber |       |    12 ||    12
    Use: Scroll            |       |     9 ||     9
         Potion            |       |     1 ||     1
   Stab: Sleeping          |     8 |    11 ||    19
         Distracted        |     1 |     2 ||     3
         Invisible         |       |     1 ||     1
 Armour: Skin              |    47 |    50 ||    97
  Dodge: Dodged            |   119 |   133 ||   252
